 Dungeon Crawl Stone Soup version 0.18.1-50-g88ac8fd (webtiles) character file.

108 Amnesiac the Cutter (level 4, 0/27 HPs)
             Began as a Deep Elf Fighter on Mar 2, 2018.
             Succumbed to an adder's poison
             ... on level 2 of the Dungeon.
             The game lasted 00:03:42 (1820 turns).

Amnesiac the Cutter (Deep Elf Fighter)              Turns: 1820, Time: 00:03:42

Health: 0/27       AC:  6    Str: 14    XL:     4   Next: 58%
Magic:  6/6        EV:  6    Int: 13    God:
Gold:   53         SH:  8    Dex: 14    Spells: 0 memorised, 3 levels left

rFire  . . .     SeeInvis .     a - +0 rapier
rCold  . . .     Gourm    .     l - +0 scale mail
rNeg   . . .     Faith    .     c - +0 shield
rPois  .         Spirit   .     (helmet restricted)
rElec  .         Dismiss  .     (no cloak)
rCorr  .         Reflect  .     (no gloves)
SustAt .         Harm     .     (no boots)
MR     .....     Rnd*Rage +     (no amulet)
Stlth  ..........               (no ring)
                                (no ring)

@: lethally poisoned (0 -> -2), not resistant to hostile enchantments, extremely
unstealthy
A: horns 1, berserk 1, sense surroundings 1, screaming 1
a: no special abilities


You were on level 2 of the Dungeon.
You were not hungry.

You visited 1 branch of the dungeon, and saw 2 of its levels.

You collected 53 gold pieces.

Inventory:

Hand Weapons
 a - a +0 rapier (weapon)
 b - a +0 hunting sling
Missiles
 e - 67 stones (quivered)
Armour
 c - a +0 shield (worn)
 d - a +0 helmet
 l - a +0 scale mail (worn)
Scrolls
 g - 2 scrolls of identify {!r, unknown}
 i - 2 scrolls of blinking {!r, unknown}
 j - a scroll of magic mapping {!r, unknown}
Comestibles
 f - 4 bread rations
 k - a beef jerky


   Skills:
 + Level 2.4 Fighting
 - Level 4.8 Short Blades
 - Level 2.4 Armour
 - Level 2.4 Shields


You had 3 spell levels left.
You didn't know any spells.

Dungeon Overview and Level Annotations

Branches:
Dungeon (2/15)

Altars:


Innate Abilities, Weirdness & Mutations

You have a pair of small horns on your head.
You tend to lose your temper in combat.
You passively map a small area around you.
You occasionally shout uncontrollably at your foes.


Message History

The dart slug is moderately wounded.
You block the dart slug's attack.
You hit the dart slug.
The dart slug is heavily wounded.
The dart slug bites you.
* * * LOW HITPOINT WARNING * * *
You puncture the dart slug!
You kill the dart slug!
You hit the goblin.
The goblin is moderately wounded.
The goblin hits you with a dagger.
* * * LOW HITPOINT WARNING * * *
You hit the goblin.
You kill the goblin!
The adder bites you.
* * * LOW HITPOINT WARNING * * *
You are poisoned.
The adder poisons you!
You closely miss the adder.
* * * LOW HITPOINT WARNING * * *
You feel sick. The adder bites you but does no damage.
You are too injured to fight recklessly!
Your shield prevents you from hitting the adder.
The adder bites you.
* * * LOW HITPOINT WARNING * * *
The adder bites you but does no damage.
You are too injured to fight recklessly!
You puncture the adder!
The adder is severely wounded.
* * * LOW HITPOINT WARNING * * *
You feel sick. The adder bites you but does no damage.
You are too injured to fight recklessly!
You closely miss the adder.
The adder is heavily wounded.
The adder bites you but does no damage. You block the adder's attack.
You hit the adder.
You kill the adder!
* * * LOW HITPOINT WARNING * * *
You feel sick.
Unknown command.
You closely miss the goblin. The goblin hits you with a club.
* * * LOW HITPOINT WARNING * * *
You closely miss the goblin. The goblin hits you but does no damage.
You hit the goblin.
You kill the goblin!
* * * LOW HITPOINT WARNING * * *
You feel sick.
Items here: ))))) ††† You butcher the goblin corpse.
Items here: % ))))) †† Eat which item? (? for menu, Esc to quit)
Okay, then.
Drink which item? (? for menu, Esc to quit)
Really quaff
h - 2 fuming ruby potions {!q}?
It was a potion of mutation {!q}.
You feel extremely strange.
You feel a little pissed off.
You feel clever.
You feel the urge to shout.
Drink which item? (? for menu, Esc to quit)
Really quaff
h - a potion of mutation {!q}?
You feel extremely strange.
You feel a strange attunement to the structure of the dungeons.
A pair of horns grows on your head!
Your +0 helmet falls away!
You feel stupid.
You die...

. #..# .# , ...#### ####
.# , #...... ,
#...###.##### #..##.#
#.........., #..##.# ,*
#<..# *#..##.# #* # #(###
###..##.###.##
#.##.########......)......
#...(...)@.......##<.##..#
####.########.#..........#
#.#* ...#..###.###.# **
#.).# *#####..# .. ,
....... #... ,#.. *
###...### **,..... ..#,
##.## ...... #.# * #.# * ,
*.#, #.# * * ,


There were no monsters in sight!

Vanquished Creatures
  Terence (D:1)
  Robin (D:1)
  2 adders (D:2)
  A gnoll (D:1)
  3 dart slugs
  A worm (D:2)
  A giant gecko (D:1)
  2 giant cockroaches
  13 goblins
  4 hobgoblins
  A bat (D:1)
  5 kobolds (D:1)
35 creatures vanquished.

Notes
Turn   | Place    | Note
--------------------------------------------------------------
     0 | D:1      | Amnesiac the Deep Elf Fighter began the quest for the Orb.
     0 | D:1      | Reached XP level 1. HP: 13/13 MP: 3/3
   128 | D:1      | Reached XP level 2. HP: 14/18 MP: 4/4
   382 | D:1      | Reached skill level 3 in Short Blades
  1081 | D:2      | Noticed Terence
  1295 | D:1      | Killed Terence
  1295 | D:1      | Reached XP level 3. HP: 9/22 MP: 5/5
  1372 | D:1      | Reached skill level 4 in Short Blades
  1491 | D:2      | Noticed Robin
  1513 | D:1      | Killed Robin
  1513 | D:1      | Reached XP level 4. HP: 5/27 MP: 6/6
  1816 | D:2      | HP: 1/27 [poisoned by an adder]
  1819 | D:2      | Gained mutation: You tend to lose your temper in combat. [potion of mutation]
  1819 | D:2      | Gained mutation: Your mind is acute. (Int +2) [potion of mutation]
  1819 | D:2      | Gained mutation: You occasionally shout uncontrollably at your foes. [potion of mutation]
  1820 | D:2      | Gained mutation: You passively map a small area around you. [potion of mutation]
  1820 | D:2      | Gained mutation: You have a pair of small horns on your head. [potion of mutation]
  1820 | D:2      | Lost mutation: Your mind is acute. (Int +2) [potion of mutation]
  1820 | D:2      | Succumbed to an adder's poison

Skill      XL: |  1  2  3 |
---------------+----------+-----
Short Blades   | 3 4 |  4.8
Fighting       | |  2.4
Armour         | |  2.4
Shields        | |  2.4

Action                   |  1- 3 |  4- 6 || total
-------------------------+-------+-------++-------
Melee: Rapier            |   103 |    54 ||   157
 Fire: Hunting sling     |     2 |       ||     2
  Use: Potion            |     2 |     2 ||     4
  Eat: Chunk             |       |     3 ||     3
Armor: Scale mail        |    35 |    24 ||    59
Dodge: Dodged            |    43 |    11 ||    54
Block: Shield            |    47 |    20 ||    67
